 Dungeon Crawl Stone Soup version 0.31-a0-489-g282fc92437 (webtiles) character file.

Game seed: 4764634396304865432

43 Ethylacetat the Trooper (level 3, -3/20 HPs)
             Began as a Vine Stalker Monk on Aug 8, 2023.
             Slain by Sigmund
             ... wielding a +0 scythe
              (4 damage)
             ... on level 2 of the Dungeon.
             The game lasted 00:02:25 (1094 turns).

Ethylacetat the Trooper (Vine Stalker Monk)         Turns: 1094, Time: 00:02:26

Health: -3/20      AC:  5    Str: 15    XL:     3   Next: 58%
Magic:  0/6        EV: 11    Int: 10    God:
Gold:   73         SH:  0    Dex: 16    Spells: 5/5 levels left

rFire   . . .        a - +0 hand axe
rCold   . . .        d - orb {light}
rNeg    . . .        k - +0 ring mail
rPois   .            (helmet currently unavailable)
rElec   .            (cloak currently unavailable)
rCorr   .            (gloves currently unavailable)
SInv    .            (boots currently unavailable)
Will    .....        (no amulet)
Stlth   +            (no ring)
HPRegen 0.23/turn    (no ring)
MPRegen 0.10/turn

%: guardian spirit
@: beast-form, glowing
A: beast (slay +0), fangs 2, magic shield, antimagic bite, no potion heal 2
a: Begin Untransformation


You were on level 2 of the Dungeon.
You were a hulking beast.
You visited 1 branch of the dungeon, and saw 2 of its levels.

You collected 73 gold pieces.

Inventory:

Hand Weapons
 a - a +0 hand axe (weapon)
Armour
 d - an orb of light (worn)
 k - a +0 ring mail (worn)
Talismans
 l - a beast talisman (active)
Scrolls
 b - a scroll of enchant weapon {unknown}
 f - a scroll of noise {unknown}
 g - a scroll of poison {unknown}
Potions
 c - a potion of ambrosia
 e - a potion of enlightenment {unknown}
 h - a potion of haste {unknown}
 i - a potion of attraction {unknown}
 j - a potion of invisibility {unknown}


   Skills:
 + Level 3.2 Fighting
 + Level 3.1 Axes
 - Level 2.4 Dodging
 + Level 1.6 Spellcasting


You had 5 spell levels left.
You didn't know any spells.
Your spell library contained the following spells:

 Spells                   Type           Power      Damage    Failure   Level
 Tukima's Dance           Hex            0%         N/A       89%         3
 Passage of Golubria      Tloc           0%         N/A       100%        4
 Yara's Violent Unravell  Hex/Tmut       0%         3d3       100%        5


Dungeon Overview and Level Annotations

Branches:
Dungeon (2/15)

Altars:

Annotations:
D:2 Sigmund


Innate Abilities, Weirdness & Mutations

You are a hulking beast.
Your limbs bulge with bestial killing power. (Slay +0)
You have extremely sharp teeth.
When hurt, damage is shared between your health and your magic reserves.
Your bite disrupts and absorbs the magic of your enemies.
Potions cannot restore your health.


Message History

Sigmund hits you with a +0 scythe! Sigmund barely misses you.
Sigmund closely misses you. Sigmund casts a spell at you.
The magic dart hits you.
* * * LOW HITPOINT WARNING * * *
You hit Sigmund but do no damage. You bite Sigmund.
Sigmund's magic leaks into the air.
You drain his magic.
You feel invigorated.
Sigmund is lightly wounded.
You feel less confused. Sigmund hits you with a +0 scythe.
* * * LOW HITPOINT WARNING * * *
You barely miss Sigmund.
Sigmund is lightly wounded.
You barely miss Sigmund. Your bite misses Sigmund.
Sigmund is lightly wounded.
Sigmund hits you with a +0 scythe.
* * * LOW HITPOINT WARNING * * *
You barely miss Sigmund. Your bite misses Sigmund.
Sigmund is lightly wounded.
Sigmund closely misses you.
You hit Sigmund but do no damage. Your bite misses Sigmund.
Sigmund is lightly wounded.
Sigmund hits you with a +0 scythe.
* * * LOW HITPOINT WARNING * * *
You hit Sigmund but do no damage. You bite Sigmund.
Sigmund's magic leaks into the air.
You drain his magic.
You feel invigorated.
Sigmund is lightly wounded.
You hit Sigmund.
Sigmund is moderately wounded.
Sigmund points at you and mumbles some strange words.
The magic dart hits you.
* * * LOW HITPOINT WARNING * * *
Sigmund barely misses you.
You hit Sigmund.
Sigmund is heavily wounded.
You hit Sigmund but do no damage.
Sigmund is heavily wounded.
Sigmund hits you with a +0 scythe.
You die...

..# #.#.# ## #.#.# .# #
#.#.# .# .# #.#.#####
.#..##.
#.#.....#########.#.....
........................
#....##.....(...h......#
.................@#####.
...#.######.......>.....
##...# #.####..#####.
#....# #.# #.## #[.....
#.# #.# #....#.. ..# #.#
#....##.. ..# #.. +....#
.....# #..


You could see Sigmund (invisible, magic disrupted).

Vanquished Creatures
  A gnoll (D:1)
  A dart slug (D:1)
  3 ball pythons (D:1)
  6 bats
  2 endoplasms (D:1)
  2 giant cockroaches (D:1)
  A goblin (D:1)
  3 hobgoblins (D:1)
  2 jackals (D:1)
  3 kobolds (D:1)
  A quokka (D:1)
  A frilled lizard (D:2)
26 creatures vanquished.

Notes
Turn   | Place    | Note
-------+----------+-------------------------------------------
     0 | D:1      | Ethylacetat the Vine Stalker Monk began the quest for the
                  | Orb.
     0 | D:1      | Reached XP level 1. HP: 11/11 MP: 2/2
   181 | D:1      | Reached XP level 2. HP: 15/16 MP: 2/4
   338 | D:1      | Reached skill level 1 in Spellcasting
   408 | D:1      | Reached XP level 3. HP: 13/20 MP: 3/6
   639 | D:1      | Found a faded altar of an unknown god.
  1075 | D:2      | Noticed Sigmund
  1090 | D:2      | HP: 1/20 [Sigmund/+0 scythe (3)]
  1094 | D:2      | Slain by Sigmund

Illustrated notes

Levels and vault maps discovered:
D:1:      shiori_arrival_maze, layout_loops_corners,
          shapermc_ecumenical_altar_mp_urbaneastern
D:2:      layout_basic, uniq_sigmund, uniq_natasha

Skill      XL: |  1  2 |
---------------+-------+-----
Spellcasting   | 1 |  1.6
Fighting       | 3 |  3.2
Axes           | 3 |  3.1
Dodging        | |  2.4

Action                     || total
---------------------------++-------
  Melee: Hand axe          ||    84
         Bite              ||    30
 Armour: Robe              ||    12
         Ring mail         ||     7
  Dodge: Dodged            ||    54
   Form: Beast             ||     1

Table legend: (Time is in decaauts)
 A = Elapsed time spent in this place.
 B = Non-inter-level travel time spent in this place.
 C = Inter-level travel time spent in this place.
 D = Time resting spent in this place.
 E = Time spent auto-exploring this place.
 F = Levels seen in this place.
 G = Mean time per level.
                   A        B        C        D        E       F      G
               +--------+--------+--------+--------+--------+-----+--------+
         Total |   1105 |   1045 |     60 |      0 |    821 |   2 |  552.5 |
       Dungeon |   1105 |   1045 |     60 |      0 |    821 |   2 |  552.5 |
               +--------+--------+--------+--------+--------+-----+--------+

Top non-repeatable levels by time:
     D:1: 1054 daAuts
     D:2: 50 daAuts
